TOP OF THE 1ST |
Riverside Red Bulls batting - Pitching for Culver City Extras : LHP Phil Paul
|
Pitching: LHP Phil Paul
|
|
Batting: RHB Tom Howe
|
0-0: Swinging Strike 0-1: Ball 1-1: Called Strike 1-2: Ball 2-2: Ball 3-2: Foul Ball, location: 2F 3-2: Strikes out swinging
|
Batting: LHB Mike Petersen
|
0-0: Ball 1-0: Swinging Strike 1-1: Ball 2-1: Foul Ball, location: 2F 2-2: Fly out, F8 (Flyball, 78M)
|
Batting: LHB Paco Rivera
|
0-0: Called Strike 0-1: Ball 1-1: Foul Ball, location: 2F 1-2: Foul Ball, location: 2F 1-2: Ball 2-2: Foul Ball, location: 2F 2-2: Ball 3-2: Strikes out swinging
|
Top of the 1st over - 0 run(s), 0 hit(s), 0 error(s), 0 left on base; Riverside 0 - Culver City 0 |
BOTTOM OF THE 1ST |
Culver City Extras batting - Pitching for Riverside Red Bulls : LHP Carlos Castillo
|
Pitching: LHP Carlos Castillo
|
|
Batting: RHB Víctor Arredondo
|
0-0: Ball 1-0: Called Strike 1-1: Ball 2-1: Fly out, F6 (Popup, 6)
|
Batting: RHB Ben Alexander
|
0-0: Called Strike 0-1: Ball 1-1: Ball 2-1: Ground out 1-3 (Groundball, 13S)
|
Batting: RHB Jesús Hernández
|
0-0: Ball 1-0: Called Strike 1-1: Ball 2-1: SINGLE (Groundball, 25) (infield hit)
|
Batting: RHB Max Alexander
|
0-0: Ball 1-0: Called Strike 1-1: Ball 2-1: Foul Ball, location: 2F 2-2: Ground out 6-3 (Groundball, 56)
|
Bottom of the 1st over - 0 run(s), 1 hit(s), 0 error(s), 1 left on base; Riverside 0 - Culver City 0 |
TOP OF THE 2ND |
Riverside Red Bulls batting - Pitching for Culver City Extras : LHP Phil Paul
|
Batting: RHB Kevin Brown
|
0-0: Called Strike 0-1: Ball 1-1: Called Strike 1-2: Ball 2-2: Strikes out looking
|
Batting: RHB Brandon Pope
|
0-0: SINGLE (Line Drive, 56D)
|
Batting: RHB Marcos Hernández
|
Pickoff Throw to First - Out! 0-0: Ball 1-0: SOLO HOME RUN (Flyball, 7D), Distance : 376 ft
|
Batting: RHB Fernando Gálvez
|
0-0: Called Strike 0-1: Ball 1-1: Foul Ball, location: 2F 1-2: Fly out, F8 (Flyball, 8RM)
|
Top of the 2nd over - 1 run(s), 2 hit(s), 0 error(s), 0 left on base; Riverside 1 - Culver City 0 |
BOTTOM OF THE 2ND |
Culver City Extras batting - Pitching for Riverside Red Bulls : LHP Carlos Castillo
|
Batting: RHB Bob Magee
|
0-0: Fly out, F8 (Flyball, 8RXD)
|
Batting: LHB Brian Ford
|
0-0: Fly out, F8 (Flyball, 8LM)
|
Batting: RHB Lorne Witcher
|
0-0: Called Strike 0-1: Ball 1-1: Ground out 4-3 (Groundball, 34)
|
Bottom of the 2nd over - 0 run(s), 0 hit(s), 0 error(s), 0 left on base; Riverside 1 - Culver City 0 |
TOP OF THE 3RD |
Riverside Red Bulls batting - Pitching for Culver City Extras : LHP Phil Paul
|
Batting: RHB Mike Mills
|
0-0: Foul Ball, location: 2F 0-1: Swinging Strike 0-2: Ball 1-2: Ball 2-2: Ball 3-2: Foul Ball, location: 2F 3-2: Base on Balls
|
Batting: RHB Jesús Naút
|
0-0: Ball 1-0: Called Strike 1-1: Fly out, F8 (Flyball, 8LM)
|
Batting: RHB Tom Howe
|
0-0: Ball 1-0: Foul Ball, location: 2F 1-1: Ball 2-1: Ball 3-1: Base on Balls Mike Mills to second
|
Batting: LHB Mike Petersen
|
0-0: Ball 1-0: Foul Ball, location: 2F 1-1: Ball 2-1: Ball 3-1: Foul Ball, location: 2F 3-2: Foul Ball, location: 2F 3-2: Foul Ball, location: 2F 3-2: Base on Balls Mike Mills to third Tom Howe to second
|
Batting: LHB Paco Rivera
|
0-0: Ball 1-0: Called Strike 1-1: Ball 2-1: Fly out, F5 (Line Drive, 56) 2-1: Lined into DP, U5 (Line Drive, 56)
|
Top of the 3rd over - 0 run(s), 0 hit(s), 0 error(s), 2 left on base; Riverside 1 - Culver City 0 |
BOTTOM OF THE 3RD |
Culver City Extras batting - Pitching for Riverside Red Bulls : LHP Carlos Castillo
|
Batting: RHB Artie Pennington
|
0-0: Swinging Strike 0-1: Ball 1-1: SOLO HOME RUN (Flyball, 7D), Distance : 380 ft
|
Batting: RHB Quincy Vance
|
0-0: Called Strike 0-1: Reached on error, E6 (Groundball, 6)
|
Batting: RHB Víctor Arredondo
|
0-0: Swinging Strike 0-1: Ball 1-1: Ball 2-1: Foul Ball, location: 2F 2-2: Strikes out looking
|
Batting: RHB Ben Alexander
|
0-0: Ball 1-0: Swinging Strike 1-1: Swinging Strike 1-2: SINGLE (Flyball, 89S) Quincy Vance to third Throwing error, E9 Quincy Vance scores Ben Alexander to second
|
Batting: RHB Jesús Hernández
|
0-0: Ball 1-0: Ball 2-0: Ball 3-0: Called Strike 3-1: Base on Balls
|
Batting: RHB Max Alexander
|
0-0: SINGLE (Line Drive, 4M) Ben Alexander to third Jesús Hernández to second Runner from 3rd tries for Home, SAFE, throw made home Jesús Hernández to third Max Alexander to second
|
Batting: RHB Bob Magee
|
0-0: Called Strike 0-1: Called Strike 0-2: Ball 1-2: Foul Ball, location: 2F 1-2: Strikes out swinging
|
Batting: LHB Brian Ford
|
0-0: Ball 1-0: Swinging Strike 1-1: Swinging Strike 1-2: Strikes out swinging
|
Bottom of the 3rd over - 3 run(s), 3 hit(s), 2 error(s), 2 left on base; Riverside 1 - Culver City 3 |
TOP OF THE 4TH |
Riverside Red Bulls batting - Pitching for Culver City Extras : LHP Phil Paul
|
Batting: RHB Kevin Brown
|
0-0: Foul Ball, location: 2F 0-1: Ball 1-1: Ball 2-1: Ball 3-1: Base on Balls
|
Batting: RHB Brandon Pope
|
0-0: Ball 1-0: Foul Ball, location: 2F 1-1: Fly out, F9 (Flyball, 9M)
|
Batting: RHB Marcos Hernández
|
0-0: Ball 1-0: Called Strike 1-1: Ball 2-1: Called Strike 2-2: Strikes out swinging
|
Batting: RHB Fernando Gálvez
|
0-0: Ball Kevin Brown steals 2nd base 1-0: Ball 2-0: Ball 3-0: Called Strike 3-1: Base on Balls
|
Batting: RHB Mike Mills
|
0-0: Foul Ball, location: 2F 0-1: Ball 1-1: Fly out, F4 (Line Drive, 4M)
|
Top of the 4th over - 0 run(s), 0 hit(s), 0 error(s), 2 left on base; Riverside 1 - Culver City 3 |
BOTTOM OF THE 4TH |
Culver City Extras batting - Pitching for Riverside Red Bulls : LHP Carlos Castillo
|
Batting: RHB Lorne Witcher
|
0-0: Ball 1-0: SINGLE (Groundball, 25) (infield hit)
|
Batting: RHB Artie Pennington
|
0-0: Called Strike 0-1: Swinging Strike 0-2: Strikes out swinging
|
Batting: RHB Quincy Vance
|
0-0: Ball 1-0: Ball 2-0: Ball 3-0: Base on Balls Lorne Witcher to second
|
Batting: RHB Víctor Arredondo
|
0-0: Called Strike 0-1: Called Strike 0-2: Strikes out swinging
|
Batting: RHB Ben Alexander
|
0-0: Ball 1-0: Ball 2-0: Fielders Choice at 2nd, U6 (Groundball, 6M)
|
Bottom of the 4th over - 0 run(s), 1 hit(s), 0 error(s), 2 left on base; Riverside 1 - Culver City 3 |
TOP OF THE 5TH |
Riverside Red Bulls batting - Pitching for Culver City Extras : LHP Phil Paul
|
Batting: RHB Jesús Naút
|
0-0: Ball 1-0: Called Strike 1-1: SINGLE (Groundball, 6)
|
Batting: RHB Tom Howe
|
0-0: Ball 1-0: Ball 2-0: Ball 3-0: Foul Ball, location: 2F 3-1: Base on Balls Jesús Naút to second
|
Batting: LHB Mike Petersen
|
0-0: Ball 1-0: Foul Ball, location: 2F 1-1: Foul Ball, location: 2F 1-2: Fly out, F8 (Flyball, 8RM)
|
Batting: LHB Paco Rivera
|
0-0: Ball 1-0: Ball 2-0: Called Strike 2-1: Called Strike 2-2: Ball 3-2: Base on Balls Jesús Naút to third Tom Howe to second
|
Pitching: RHP José González
|
|
Batting: RHB Kevin Brown
|
0-0: Called Strike 0-1: Ball 1-1: Ball 2-1: Called Strike 2-2: Foul Ball, location: 2F 2-2: Strikes out looking
|
Batting: RHB Brandon Pope
|
0-0: Ground out 5-3 (Groundball, 5S)
|
Top of the 5th over - 0 run(s), 1 hit(s), 0 error(s), 3 left on base; Riverside 1 - Culver City 3 |
BOTTOM OF THE 5TH |
Culver City Extras batting - Pitching for Riverside Red Bulls : LHP Carlos Castillo
|
Batting: RHB Jesús Hernández
|
0-0: Foul Ball, location: 2F 0-1: Foul Ball, location: 2F 0-2: Ball 1-2: Ball 2-2: Ball 3-2: Base on Balls
|
Batting: RHB Max Alexander
|
0-0: Grounds into double play, 5-4-3 (Groundball, 5L)
|
Batting: RHB Bob Magee
|
0-0: Called Strike 0-1: Ball 1-1: Ball 2-1: Ball 3-1: Base on Balls
|
Batting: LHB Brian Ford
|
0-0: Foul Ball, location: 2F 0-1: Foul Ball, location: 2F 0-2: SINGLE (Line Drive, 34) Bob Magee to second
|
Batting: RHB Lorne Witcher
|
0-0: Called Strike 0-1: Ground out 5-3 (Groundball, 5S)
|
Bottom of the 5th over - 0 run(s), 1 hit(s), 0 error(s), 2 left on base; Riverside 1 - Culver City 3 |
TOP OF THE 6TH |
Riverside Red Bulls batting - Pitching for Culver City Extras : RHP José González
|
Batting: RHB Marcos Hernández
|
0-0: Called Strike 0-1: Ground out 4-3 (Groundball, 4)
|
Batting: RHB Fernando Gálvez
|
0-0: Ball 1-0: Foul Ball, location: 2F 1-1: Ground out 6-3 (Groundball, 6)
|
Batting: RHB Mike Mills
|
0-0: Called Strike 0-1: Called Strike 0-2: Strikes out swinging
|
Top of the 6th over - 0 run(s), 0 hit(s), 0 error(s), 0 left on base; Riverside 1 - Culver City 3 |
BOTTOM OF THE 6TH |
Culver City Extras batting - Pitching for Riverside Red Bulls : LHP Carlos Castillo
|
Pitching: RHP Omar Camacho
|
|
Batting: RHB Artie Pennington
|
0-0: Foul Ball, location: 2F 0-1: Foul Ball, location: 2F 0-2: Foul Ball, location: 2F 0-2: Ball 1-2: Ball 2-2: Foul Ball, location: 2F 2-2: Ball 3-2: Base on Balls
|
Batting: RHB Quincy Vance
|
0-0: Foul Ball, location: 2F 0-1: Fly out, F8 (Flyball, 78XD)
|
Batting: RHB Víctor Arredondo
|
0-0: Foul Ball, location: 2F 0-1: Grounds into double play, 5-4-3 (Groundball, 5)
|
Bottom of the 6th over - 0 run(s), 0 hit(s), 0 error(s), 0 left on base; Riverside 1 - Culver City 3 |
TOP OF THE 7TH |
Riverside Red Bulls batting - Pitching for Culver City Extras : RHP José González
|
Batting: RHB Jesús Naút
|
0-0: Swinging Strike 0-1: Ball 1-1: Ball 2-1: Ground out 5-3 (Groundball, 56)
|
Pitching: RHP Von Hicks
|
|
Batting: RHB Tom Howe
|
0-0: Fly out, F7 (Flyball, 7D)
|
Batting: LHB Mike Petersen
|
0-0: Ball 1-0: Foul Ball, location: 2F 1-1: Ball 2-1: Ball 3-1: Base on Balls
|
Batting: LHB Paco Rivera
|
0-0: Ball 1-0: Ball 2-0: Ball 3-0: Called Strike 3-1: Foul Ball, location: 2F 3-2: Foul Ball, location: 2F 3-2: Foul Ball, location: 2F 3-2: Foul Ball, location: 2F 3-2: Foul Ball, location: 2F 3-2: DOUBLE (Line Drive, 9LM) Mike Petersen to third Mike Petersen scores
|
Batting: RHB Kevin Brown
|
0-0: Ball 1-0: Called Strike 1-1: Called Strike 1-2: Foul Ball, location: 2F 1-2: Ball 2-2: Fly out, F7 (Flyball, 78S)
|
Top of the 7th over - 1 run(s), 1 hit(s), 0 error(s), 1 left on base; Riverside 2 - Culver City 3 |
BOTTOM OF THE 7TH |
Culver City Extras batting - Pitching for Riverside Red Bulls : RHP Omar Camacho
|
Batting: RHB Ben Alexander
|
0-0: Called Strike 0-1: Ball 1-1: Ball 2-1: Foul Ball, location: 2F 2-2: Ball 3-2: Strikes out swinging
|
Batting: RHB Jesús Hernández
|
0-0: Swinging Strike 0-1: Foul Ball, location: 2F 0-2: Ball 1-2: Ground out 5-3 (Groundball, 5)
|
Batting: RHB Max Alexander
|
0-0: SOLO HOME RUN (Flyball, 9D), Distance : 409 ft
|
Batting: RHB Bob Magee
|
0-0: Ground out 1-3 (Groundball, 13)
|
Bottom of the 7th over - 1 run(s), 1 hit(s), 0 error(s), 0 left on base; Riverside 2 - Culver City 4 |
TOP OF THE 8TH |
Riverside Red Bulls batting - Pitching for Culver City Extras : RHP Von Hicks
|
Batting: RHB Brandon Pope
|
0-0: Swinging Strike 0-1: Swinging Strike 0-2: Ball 1-2: Foul Ball, location: 2F 1-2: Ball 2-2: Strikes out swinging
|
Batting: RHB Marcos Hernández
|
0-0: Ball 1-0: SOLO HOME RUN (Flyball, 7D), Distance : 364 ft
|
Batting: RHB Fernando Gálvez
|
0-0: Foul Ball, location: 2F 0-1: Foul Ball, location: 2F 0-2: Foul Ball, location: 2F 0-2: Ball 1-2: Strikes out looking
|
Batting: RHB Mike Mills
|
0-0: Ball 1-0: Fly out, F9 (Flyball, 89S)
|
Top of the 8th over - 1 run(s), 1 hit(s), 0 error(s), 0 left on base; Riverside 3 - Culver City 4 |
BOTTOM OF THE 8TH |
Culver City Extras batting - Pitching for Riverside Red Bulls : RHP Omar Camacho
|
Pitching: LHP Joe Phillips
|
|
Batting: LHB Brian Ford
|
0-0: Swinging Strike 0-1: Ground out 4-3 (Groundball, 4)
|
Pitching: LHP Stu Creichton
|
|
Batting: RHB Lorne Witcher
|
0-0: Swinging Strike 0-1: Called Strike 0-2: Foul Ball, location: 2F 0-2: Foul Ball, location: 2F 0-2: Ball 1-2: Foul Ball, location: 2F 1-2: Fly out, F4 (Popup, 34D)
|
Batting: RHB Artie Pennington
|
0-0: Foul Ball, location: 2F 0-1: Ball 1-1: Ground out U3 (Groundball, 3)
|
Bottom of the 8th over - 0 run(s), 0 hit(s), 0 error(s), 0 left on base; Riverside 3 - Culver City 4 |
TOP OF THE 9TH |
Riverside Red Bulls batting - Pitching for Culver City Extras : RHP Von Hicks
|
Pitching: RHP Alden Parker
|
|
Batting: RHB Jesús Naút
|
0-0: Ball 1-0: DOUBLE (Line Drive, 8LM)
|
Batting: RHB Tom Howe
|
0-0: Ball 1-0: Sac Bunt - play at first, batter OUT! 1-3 Jesús Naút to third
|
Batting: LHB Mike Petersen
|
0-0: Squeeze Bunt - play home, runner OUT, batter safe! 1-2
|
Batting: LHB Paco Rivera
|
0-0: Ball 1-0: Called Strike 1-1: Ball 2-1: DOUBLE (Groundball, 5L) Mike Petersen to third
|
Batting: RHB Kevin Brown
|
0-0: Swinging Strike 0-1: Ball 1-1: Foul Ball, location: 2F 1-2: Strikes out swinging
|
Top of the 9th over - 0 run(s), 2 hit(s), 0 error(s), 2 left on base; Riverside 3 - Culver City 4 |
|